 Dungeon Crawl Stone Soup version 0.29-a0-451-gfbfa42419e (webtiles) character file.

Game seed: 18399723173339251888

253 jlumianski the Shield-Bearer (level 5, -5/42 HPs)
             Began as a Demonspawn Fighter on May 19, 2022.
             Slain by Terence
             ... wielding a +6 mace of holy wrath
              (7 damage)
             ... on level 3 of the Dungeon.
             The game lasted 00:11:41 (3315 turns).

jlumianski the Shield-Bearer (Demonspawn Fighter)   Turns: 3315, Time: 00:11:42

Health: -5/42      AC: 11    Str: 24    XL:     5   Next: 90%
Magic:  5/5        EV:  6    Int: 10    God:
Gold:   124        SH:  5    Dex: 12    Spells: 4/4 levels left

rFire   . . .      SeeInvis +   a - +0 war axe
rCold   . . .      Faith    .   c - +0 buckler
rNeg    . . .      Spirit   .   q - +0 plate armour
rPois   .          Reflect  .   (helmet restricted)
rElec   .          Harm     .   (no cloak)
rCorr   .          Rampage  .   (no gloves)
Will    .....                   (no boots)
Stlth   ..........              (no amulet)
HPRegen 0.14/turn               z - +6 ring of strength
MPRegen 0.09/turn               u - ring of see invisible

@: no status effects
A: antennae 1, demonic guardian 2, ignite blood 1
a: no special abilities


You were on level 3 of the Dungeon.
You visited 1 branch of the dungeon, and saw 3 of its levels.

You collected 124 gold pieces.

Inventory:

Hand Weapons
 a - a +0 war axe (weapon)
 r - a +1 dagger of speed
 A - a +2 long sword of freezing
 B - the +3 mace of the Sixty-Six Friars {freeze, Stlth+}
   (You found it on level 3 of the Dungeon)

   It freezes those it strikes, dealing additional cold damage.
   It can also slow down cold-blooded creatures.
   Stlth:     It makes you more stealthy.
Missiles
 g - 105 stones (quivered)
 v - 3 boomerangs
Armour
 b - a +0 scale mail
 c - a +0 buckler (worn)
 h - a +0 chain mail
 n - a +0 helmet
 q - a +0 plate armour (worn)
Magical Staves
 y - a staff of earth
Jewellery
 u - a ring of see invisible (right hand)
 z - a +6 ring of strength (left hand)
Wands
 e - a wand of polymorph (8)
 p - a wand of paralysis (7)
 s - a wand of flame (41)
Scrolls
 k - a scroll of vulnerability
 l - 2 scrolls of teleportation
 o - a scroll of immolation
 w - a scroll of summoning
 C - 2 scrolls of identify
Potions
 d - 2 potions of might
 f - a potion of flight
 i - a potion of degeneration
 j - a potion of berserk rage
 m - a potion of curing
 t - a potion of mutation
 x - a potion of ambrosia


   Skills:
 + Level 3.8 Fighting
 + Level 3.1 Axes
 + Level 3.8 Armour
 + Level 0.6 Dodging
 + Level 3.9 Shields


You had 4 spell levels left.
You didn't know any spells.
Your spell library was empty.

Dungeon Overview and Level Annotations

Branches:
Dungeon (3/15)

Altars:
Vehumet
Yredelemnul

Annotations:
D:3 1 runed translucent door, Crazy Yiuf, Terence


Innate Abilities, Weirdness & Mutations

You have a pair of small antennae on your head.
A demonic guardian rushes to your aid.
Your demonic aura sometimes causes spilled blood to erupt in flames.


Message History

The bat dies!
The kobold throws a stone.
You block the stone.
Your hellwing swoops through the air toward the kobold!
Your hellwing hits the kobold!
The kobold dies!
g - 105 stones (gained 2)
Things that are here:
a +0 dagger; a kobold corpse You swap places.
You swap places.
Things that are here:
a +0 dagger; a kobold corpse Your hellwing disappears in a puff of smoke!
There is an open door here.
C - 2 scrolls of identify (gained 1)
You now have 124 gold pieces (gained 16).
Things that are here:
a +0 flail; a +0 leather armour You see here a +0 club.
An orc and Terence come into view.
Terence is wielding a +6 mace of holy wrath.
The orc shouts!
Terence shouts!
A frilled lizard comes into view.
Terence moves out of view.
There is an open door here.
The frilled lizard hisses angrily.
The orc barely misses you.
Terence hits you with a +6 mace of holy wrath.
You convulse!
You closely miss the orc. You completely miss Terence.
The orc hits you but does no damage.
Terence hits you with a +6 mace of holy wrath!
You convulse!
* * * LOW HITPOINT WARNING * * *
A demonic guardian appears!
The frilled lizard bites your ice devil.
Terence hits you with a +6 mace of holy wrath!
* * * LOW HITPOINT WARNING * * *
You convulse!
You die...

....#.##.#. #..##'#..#
#[## ###...##.#
####.)#### #..#
......##.# #.)8#######.#
.###.....# ##.......##.#
.# ##.##.# ##...†...'..#
.####.##.# #..8######..#
......##.# ####..## ##.#
########.#..##.@##'## #.#
#.#....lo@...# #.#
#.#.....4....# #####.#
#.##############.....#
#..# ####.#.##.#####
##.## #....#.##.#
########.#.####)####.##.#
........###..##.# #)##.#
########.#.#.##.####.##.#
##.##............#


You could see Terence, an orc (ally target), a frilled lizard and a friendly ice
devil (summoned).

Vanquished Creatures
  Ijyb (D:3)
  Natasha (D:2)
  Robin (D:2)
  6 adders
  A worm (D:2)
  3 dart slugs
  An orc (D:3)
  A bat (D:3)
  5 endoplasms
  4 giant cockroaches
  8 goblins
  7 hobgoblins
  3 jackals (D:3)
  4 kobolds
  4 quokkas
  10 ball pythons
  2 frilled lizards
  5 rats
67 creatures vanquished.

Vanquished Creatures (collateral kills)
  Natasha (twice) (D:2)
  An orc (D:2)
  A ball python (D:1)
  2 bats
  An endoplasm (D:1)
  A goblin (D:1)
  A kobold (D:3)
9 creatures vanquished.

Vanquished Creatures (others)
  3 fungi
  10 plants
13 creatures vanquished.

Grand Total: 89 creatures vanquished

Notes
Turn   | Place    | Note
-------+----------+-------------------------------------------
     0 | D:1      | jlumianski the Demonspawn Fighter began the quest for the
                  | Orb.
     0 | D:1      | Reached XP level 1. HP: 18/18 MP: 1/1
   371 | D:1      | Gained mutation: A weak demonic guardian rushes to your
                  | aid. [demonic ancestry]
   371 | D:1      | Reached XP level 2. HP: 19/24 MP: 2/2
   864 | D:1      | Gained mutation: Your demonic aura sometimes causes spilled
                  | blood to erupt in flames. [demonic ancestry]
   864 | D:1      | Reached XP level 3. HP: 29/29 MP: 3/3
  1565 | D:2      | Noticed Natasha
  1572 | D:2      | Killed Natasha
  1573 | D:2      | Gained mutation: You have a pair of small antennae on your
                  | head. [demonic ancestry]
  1573 | D:2      | Reached XP level 4. HP: 33/35 MP: 4/4
  1585 | D:2      | Noticed Natasha
  1595 | D:2      | Killed Natasha
  1675 | D:2      | Found a faded altar of an unknown god.
  1694 | D:2      | Noticed Robin
  1726 | D:2      | Killed Robin
  2006 | D:2      | Noticed Natasha
  2021 | D:2      | Killed Natasha
  2022 | D:2      | Gained mutation: A demonic guardian rushes to your aid.
                  | [demonic ancestry]
  2022 | D:2      | Reached XP level 5. HP: 27/42 MP: 5/5
  2327 | D:2      | Found a basalt altar of Yredelemnul.
  2476 | D:3      | Noticed Ijyb
  2485 | D:3      | Killed Ijyb
  2660 | D:3      | Found a radiant altar of Vehumet.
  2758 | D:3      | Identified the +3 mace of the Sixty-Six Friars {freeze,
                  | Stlth+}
  2862 | D:3      | Found a runed translucent door.
  2863 | D:3      | Noticed Crazy Yiuf
  3312 | D:3      | Noticed Terence
  3315 | D:3      | HP: 2/42 [Terence/+6 mace of holy wrath (8)]
  3315 | D:3      | Slain by Terence

Illustrated notes

Levels and vault maps discovered:
D:1:      ncdulo_halloftheorcs, layout_basic, chequers_big_river
D:2:      layout_rooms, basic_altar, shapermc_ecumenical_altar_ellora,
          chequers_mini_garden, minmay_nonomino_d4, uniq_natasha, uniq_robin
D:3:      minmay_chambers_of_twos, layout_loops_ring,
          mainiacjoe_overflow_alcove_1, small_statue_intersection,
          nicolae_elevator_lobby_asterisk, uniq_ijyb, uniq_terence,
          uniq_crazy_yiuf_cottage

Skill      XL: |  1  2  3  4 |
---------------+-------------+-----
Armour         | 3 |  3.8
Axes           | 2 3 |  3.1
Shields        | 3 |  3.9
Fighting       | |  3.8
Dodging        | |  0.6

Action                   |  1- 3 |  4- 6 || total
-------------------------+-------+-------++-------
Melee: War axe           |    97 |   124 ||   221
Throw: Stone             |     3 |       ||     3
  Use: Potion            |     2 |       ||     2
       Scroll            |       |     8 ||     8
Armor: Scale mail        |    39 |    14 ||    53
       Plate armour      |       |    65 ||    65
Dodge: Dodged            |    50 |    45 ||    95
Block: Buckler           |    27 |    35 ||    62

Table legend: (Time is in decaauts)
 A = Elapsed time spent in this place.
 B = Non-inter-level travel time spent in this place.
 C = Inter-level travel time spent in this place.
 D = Time resting spent in this place.
 E = Time spent auto-exploring this place.
 F = Levels seen in this place.
 G = Mean time per level.
                   A        B        C        D        E       F      G
               +--------+--------+--------+--------+--------+-----+--------+
         Total |   3441 |   3390 |     51 |    421 |   1700 |   3 | 1147.0 |
       Dungeon |   3441 |   3390 |     51 |    421 |   1700 |   3 | 1147.0 |
               +--------+--------+--------+--------+--------+-----+--------+

Top non-repeatable levels by time:
     D:1: 1500 daAuts
     D:2: 994 daAuts
     D:3: 946 daAuts
